 Dungeon Crawl Stone Soup version 0.29.0-4-gdea44cf6ec (webtiles) character file.

Game seed: 17512992029534901485

57556 quinnr the Devastator (level 14, -2/80 HPs)
             Began as a Tengu Conjurer on Aug 28, 2022.
             Was a High Priest of Vehumet.
             Killed from afar by a shock serpent (21 damage)
             ... with a bolt of electricity
             ... on level 1 of the Snake Pit.
             The game lasted 01:27:40 (33654 turns).

quinnr the Devastator (Tengu Conjurer)             Turns: 33654, Time: 01:27:40

Health: -2/80      AC: 18    Str: 11    XL:     14   Next: 86%
Magic:  1/37       EV: 35    Int: 23    God:    Vehumet [*****.]
Gold:   993        SH:  8    Dex: 12    Spells: 13/32 levels left

rFire   + + .      SeeInvis .   C - staff of poison {!a}
rCold   + . .      Faith    .   q - +3 buckler
rNeg    . . .      Spirit   .   V - +2 robe {rC+ rF+}
rPois   +          Reflect  .   a - +2 hat
rElec   .          Harm     .   U - +4 cloak of the Trees {rF+ Str+4 Dex-2}
rCorr   .          Rampage  .   I - +2 pair of gloves
Will    +....                   (boots unavailable)
Stlth   +++.......              v - amulet of the acrobat
HPRegen 0.23/turn               M - ring of magical power
MPRegen 0.25/turn               T - +4 ring of protection

@: acrobatic, flying quickly and evasively, quick
A: beak, talons 3, nimble flight
a: Renounce Religion


You were on level 1 of the Snake Pit.
You worshipped Vehumet.
Vehumet was extremely pleased with you.
You visited 4 branches of the dungeon, and saw 20 of its levels.
You also visited: Sewer.

You collected 1227 gold pieces.
You spent 234 gold pieces at shops.


Innate Abilities, Weirdness & Mutations

You have a beak for a mouth.
You have claws for feet.
Your magical nature lets you fly swiftly and evasively.


   Skills:
 - Level 6.0 Fighting
 - Level 4.0 Armour
 + Level 13.6 Dodging
 - Level 5.0 Stealth
 - Level 4.0 Shields
 + Level 9.8 Spellcasting
 + Level 16.7 Conjurations
 + Level 6.8 Hexes
 - Level 4.2 Translocations
 - Level 5.0 Air Magic
 - Level 4.0 Earth Magic
 - Level 5.0 Poison Magic


You had 13 spell levels left.
You knew the following spells:

 Your Spells              Type           Power      Damage    Failure   Level
c - Mephitic Cloud        Conj/Pois/Air  68%        N/A       1%          3
d - Dazzling Flash        Conj/Hex       100%       N/A       1%          3
f - Fulminant Prism       Conj/Hex       30%        3d16      1%          4
m - Magic Dart            Conj           100%       1d8       0%          1
s - Searing Ray           Conj           100%       2d8       0%          2
B - Blink                 Tloc           60%        N/A       1%          2
X - Iskenderun's Mystic   Conj/Tloc      56%        2d12      1%          4

Your spell library contained the following spells:

 Spells                   Type           Power      Damage    Failure   Level
 Eringya's Noxious Bog    Tmut/Pois      17%        N/A       67%         6
 Apportation              Tloc           60%        N/A       1%          1
 Ensorcelled Hibernation  Hex/Ice        54%        N/A       2%          2
 Gell's Gravitas          Tloc           30%        N/A       3%          3
 Lesser Beckoning         Tloc           30%        N/A       3%          3
 Teleport Other           Tloc           30%        N/A       3%          3
 Summon Guardian Golem    Hex/Summ       27%        N/A       5%          3
 Necrotise                Necr           44%        1d6       8%          1
 Summon Small Mammal      Summ           44%        N/A       8%          1
 Spider Form              Tmut/Pois      34%        N/A       8%          3
 Call Imp                 Summ           11%        N/A       11%         2
 Sublimation of Blood     Necr           11%        N/A       11%         2
 Wereblood                Tmut           11%        N/A       11%         2
 Anguish                  Hex/Necr       13%        N/A       19%         4
 Corpse Rot               Necr/Pois/Air  39%        N/A       19%         4
 Call Canine Familiar     Summ           11%        N/A       22%         3
 Manifold Assault         Tloc           30%        N/A       34%         5
 Summon Mana Viper        Hex/Summ       27%        N/A       45%         5
 Dispel Undead            Necr           11%        3d9       58%         4
 Summon Ice Beast         Ice/Summ       11%        N/A       58%         4
 Death Channel            Necr           5%         N/A       100%        6
 Monstrous Menagerie      Summ           5%         N/A       100%        7
 Summon Hydra             Summ           5%         N/A       100%        7

Inventory:

Hand Weapons
 n - a +2 sling of flaming
 x - a +1 dagger of electrocution
 G - a +0 dagger of venom
 R - the +2 mace of Ybbotobo {vorpal, Dex+10}
   (You took it off an orc on level 10 of the Dungeon)

   It inflicts extra damage upon your enemies.
   Dex:       It affects your dexterity (+10).
 Y - the +8 whip "Snakebite" {venom, curare, rPois, =f}
   (You found it on level 2 of the Lair of Beasts)

   It poisons the flesh of those it strikes.
   It occasionally inflicts asphyxiating poison on those it strikes, dealing
   poison damage and causing slowness.
   rPois:     It protects you from poison.
Missiles
 u - 82 poisoned darts
Armour
 a - a +2 hat (worn)
 q - a +3 buckler (worn)
 I - a +2 pair of gloves (worn)
 U - the +4 cloak of the Trees (worn) {rF+ Str+4 Dex-2}
   (You found it on level 10 of the Dungeon)

   Str:       It affects your strength (+4).
   Dex:       It affects your dexterity (-2).
   rF:        It protects you from fire.
 V - a +2 robe of resistance (worn)
Magical Staves
 i - a staff of conjuration {!a}
 y - a staff of air {!a}
 C - a staff of poison (weapon) {!a}
 K - a staff of cold {!a}
Jewellery
 v - an amulet of the acrobat (around neck)
 F - a ring of protection from fire
 M - a ring of magical power (left hand)
 N - a ring of positive energy
 T - a +4 ring of protection (right hand)
Wands
 r - a wand of flame (34)
 A - a wand of polymorph (8)
 J - a wand of roots (13)
 P - a wand of paralysis (11)
 S - a wand of digging (5)
 Z - a wand of mindburst (4)
Scrolls
 e - 5 scrolls of teleportation {@r2}
 f - a scroll of brand weapon
 j - 5 scrolls of butterflies
 k - 2 scrolls of enchant weapon
 l - a scroll of identify {@r1}
 o - 3 scrolls of fear
 p - a scroll of amnesia
 B - 2 scrolls of vulnerability
 E - a scroll of blinking
 H - 3 scrolls of poison
 W - 2 scrolls of summoning
 X - 2 scrolls of magic mapping
Potions
 b - 5 potions of magic
 c - 6 potions of haste {@q3}
 g - 3 potions of invisibility
 h - 3 potions of degeneration
 m - 2 potions of might
 s - 4 potions of attraction
 t - 2 potions of mutation
 w - 2 potions of berserk rage {!q}
 z - 4 potions of curing {@q1}
 D - a potion of ambrosia
 L - a potion of cancellation
 O - a potion of brilliance
Miscellaneous
 Q - a piece from Xom's chessboard (15/15)

Dungeon Overview and Level Annotations

Branches:
Dungeon (13/15)            Temple (1/1) D:5            Lair (5/5) D:9
 Shoals (0/4) Lair:3        Snake (1/4) Lair:2        Slime (0/5) Lair:5
    Orc (0/2) D:10          Sewer (visited)
 Vaults: D:13-14

Altars:
Ashenzari
Cheibriados
Dithmenos
Elyvilon
Fedhas
Gozag
Hepliaklqana
Kikubaaqudgha
Makhleb
Nemelex Xobeh
Okawaru
Qazlal
Ru
Sif Muna
Trog
Uskayaw
Vehumet
Wu Jian
Xom
Yredelemnul
Zin
The Shining One

Shops:
D:8 :   Snake:1 [[(

Portals:
Trove: D:10 (give +5 ice dragon scales)

Annotations:
D:9 exclusion: downstairs
D:11 exclusion: downstairs
Lair:1 6 runed translucent doors
Lair:4 3 runed translucent doors, Ceyroiss's ghost, journeyman HuWn; Fifowuza's ghost, journeyman DrTm; Nubia's ghost, journeyman GnEn; Odimp's ghost, journeyman KoWn
Lair:5 2 transporters, Ribudoz's ghost, journeyman GnFi

.## #..............∩......).<#
....#...N##.>.....░.░...##...##
.........#..###.^.░...░..##.....
...........#.##....[....####....
..#.##....S)......##............
. ## #.#.#.†........##..........
####.........##...##........##
.............###..#......####
.............@....#......#
##...#.....##...........#
#####.......######......#
###.#....##########..#...##
..).....###..........#.#.#
.#........#...##.....[..##
##............######.###
#............#### ###
.......###........#


You could see a naga sharpshooter and a shock serpent.


Message History

The naga sharpshooter shoots an arrow.
The arrow completely misses you.
The naga sharpshooter spits poison at you.
The splash of poison hits you but does no damage.
You resist.
You see here an anaconda corpse.
The naga sharpshooter shoots an arrow.
You block the arrow.
The shock serpent shoots out a bolt of lightning at you!
The bolt of electricity hits you!!
* * * LOW HITPOINT WARNING * * *
You feel much better.
The naga sharpshooter shoots an arrow.
The arrow misses you.
Casting: Iskenderun's Mystic Blast (safe; 1% risk of failure)
Confirm with . or Enter, or press ? or * to list all spells.
You erupt in a blast of force!
The mystic blast hits the shock serpent!
The shock serpent is severely wounded.
The shock serpent is knocked back by the mystic blast.
The shock serpent's electric aura discharges, shocking you!
The naga sharpshooter shoots an arrow.
The arrow hits you.
* * * LOW HITPOINT WARNING * * *
Unknown command.
Unknown command.
The shock serpent shoots out a bolt of lightning at you!
The bolt of electricity hits you.
* * * LOW HITPOINT WARNING * * *
The shock serpent shoots out a bolt of lightning at you!
The bolt of electricity misses you.
The shock serpent shoots out a bolt of lightning at you!
The bolt of electricity hits you!!
You die...

Skill      XL: |  1  2  3  4  5  6  7  8  9 10 11 12 13 14 |
---------------+-------------------------------------------+-----
Conjurations   | 6 7 9 11 12 15 16 | 16.7
Fighting       | 1 2 3 5 6 |  6.0
Shields        | 2 3 4 |  4.0
Hexes          | 1 2 3 4 5 6 |  6.8
Spellcasting   | 3 4 5 8 9 |  9.8
Armour         | 2 3 4 |  4.0
Dodging        | 3 4 5 8 10 12 13 | 13.6
Translocations | 2 4 |  4.2
Stealth        | 5 |  5.0
Air Magic      | 3 5 |  5.0
Earth Magic    | 1 4 |  4.0
Poison Magic   | 3 5 |  5.0

Action                   |  1- 3 |  4- 6 |  7- 9 | 10-12 | 13-15 || total
-------------------------+-------+-------+-------+-------+-------++-------
Melee: Staff             |       |       |     5 |     7 |     7 ||    19
       Kick              |       |       |     2 |    25 |     1 ||    28
       Peck              |       |       |     1 |    12 |     2 ||    15
       Dagger            |       |       |       |    44 |       ||    44
 Fire: Sling             |       |     1 |       |       |       ||     1
 Cast: Magic Dart        |    73 |    79 |   137 |   187 |   108 ||   584
       Searing Ray       |     1 |    10 |    48 |   107 |   102 ||   268
       Fulminant Prism   |       |       |     9 |    93 |   128 ||   230
       Dazzling Flash    |       |       |       |    24 |    23 ||    47
       Iskenderun's Myst |       |       |       |    10 |    76 ||    86
       Mephitic Cloud    |       |       |       |     6 |    13 ||    19
       Blink             |       |       |       |     3 |     1 ||     4
Evoke: Wand              |       |       |       |     9 |     4 ||    13
  Use: Scroll            |     8 |     4 |     2 |    13 |     5 ||    32
       Potion            |       |       |       |     1 |     5 ||     6
 Stab: Invisible         |       |       |       |     4 |       ||     4
       Sleeping          |       |       |       |     1 |       ||     1
Armor: Robe              |     3 |     1 |       |       |    48 ||    52
       Troll leather arm |       |     1 |    13 |       |       ||    14
       Steam dragon scal |       |       |     4 |    46 |       ||    50
Dodge: Dodged            |     2 |    17 |    63 |   313 |   168 ||   563
Block: Buckler           |       |     7 |    30 |   116 |    70 ||   223

Levels and vault maps discovered:
D:1:      matt_arrival_spirals, layout_loops_ring, st_stairs_2
D:2:      layout_loops_ring
D:3:      layout_basic, lemuel_doored_altar, gup_sewer_entry_bowl
D:4:      layout_cave_pools, pdpol_wu_jian_five_deadly_venoms,
          general_overflow_altar, mainiacjoe_overflow_small_starburst
D:5:      layout_basic, nicolae_elyvilon_temple_path,
          mainiacjoe_overflow_alcove_4, mainiacjoe_overflow_chevrons,
          minmay_temple_entry_nine_rooms, minmay_diced_spiral
D:6:      layout_loops_cross, chequers_serial_rivers_micro_c,
          kennysheep_generic_room_14, uniq_pikel
D:7:      layout_basic, uniq_menkaure
D:8:      layout_basic, serial_bayou, serial_bayou_shore_a, serial_bayou_ford_a,
          serial_bayou_shore_b, serial_bayou_pond_d, serial_shops, shop
D:9:      layout_irregular_city, nicolae_qazlal_eye_of_the_storm,
          erik_lair_island
D:10:     layout_roguey [special_room_kobold], nicolae_ru_the_path_less_chosen,
          beargit_hepliaklqana_dungeon_heroes, cheibrodos_ashenzari_chains,
          minmay_orc_entry_temple_small, nicolae_trove_entry_free_sample,
          serial_bayou_crossing
D:11:     layout_basic
D:12:     layout_loops_ring
D:13:     layout_gridville, nicolae_eternal_life, fedhas_altar_4
Temple:   hellmonk_temple_divided_pantheon
Lair:1:   gammafunk_indiana_jones, layout_layer_cave, infiniplex_staircase_pool
Lair:2:   minmay_guarded_unrand_snakebite, layout_long_grid,
          guppyfry_snake_entry_garden, cheibrodos_lair_reptile_den,
          infiniplex_staircase_pool_2, uniq_prince_ribbit2
Lair:3:   layout_cave_pods, minmay_shoals_entry_centaurs, minivault_23
Lair:4:   layout_regular_city, gammafunk_ghost_cemetery,
          small_statue_intersection
Lair:5:   evilmike_catoblepas_cave, layout_regular_city,
          minmay_slime_entry_jelly_boxes, gammafunk_ghost_hive, uniq_snorg
Snake:1:  layout_onion_interference, serial_shops, nicolae_diamond_shop, shop,
          shop, nicolae_shop_advertising_works [nicolae_subvault_shop_adworks]

Notes
Turn   | Place    | Note
-------+----------+-------------------------------------------
     0 | D:1      | quinnr the Tengu Conjurer began the quest for the Orb.
     0 | D:1      | Reached XP level 1. HP: 10/10 MP: 4/4
   279 | D:1      | Reached skill level 6 in Conjurations
   279 | D:1      | Reached XP level 2. HP: 15/15 MP: 0/6
   282 | D:1      | Learned a level 2 spell: Searing Ray
   828 | D:1      | Reached XP level 3. HP: 19/19 MP: 2/7
  1531 | D:2      | Learned a level 3 spell: Dazzling Flash
  2036 | D:3      | Identified a scroll of acquirement
  2147 | D:3      | Found a glowing drain.
  2152 | Sewer    | Entered a sewer
  2154 | Sewer    | Reached XP level 4. HP: 24/24 MP: 6/8
  2602 | Sewer    | Noticed Pargi
  2607 | Sewer    | Killed Pargi
  2608 | Sewer    | Reached skill level 1 in Fighting
  2608 | Sewer    | Reached skill level 2 in Shields
  2608 | Sewer    | Reached skill level 7 in Conjurations
  2608 | Sewer    | Reached skill level 1 in Hexes
  2608 | Sewer    | Gained mutation: Your magical nature lets you fly swiftly
                  | and evasively. [Tengu growth]
  2608 | Sewer    | Reached XP level 5. HP: 29/29 MP: 1/9
  2986 | D:3      | Acquired a staff of conjuration
  3019 | D:3      | Found an iron altar of Okawaru.
  3498 | D:4      | Found a snail-covered altar of Cheibriados.
  3627 | D:4      | Reached skill level 3 in Spellcasting
  3627 | D:4      | Reached XP level 6. HP: 34/34 MP: 1/11
  3758 | D:4      | Noticed a black bear
  3864 | D:4      | Reached skill level 3 in Shields
  3864 | D:4      | Reached skill level 2 in Hexes
  4294 | D:4      | Reached XP level 7. HP: 38/38 MP: 8/12
  4548 | D:4      | Found an ornate altar of the Wu Jian Council.
  4757 | D:4      | Found an ancient bone altar of Kikubaaqudgha.
  4789 | D:5      | Entered Level 5 of the Dungeon
  4791 | D:5      | Found an opulent altar of Gozag.
  5185 | D:5      | Reached skill level 1 in Armour
  5185 | D:5      | Reached skill level 4 in Shields
  5448 | D:5      | Reached skill level 2 in Fighting
  5448 | D:5      | Reached skill level 3 in Dodging
  5448 | D:5      | Reached skill level 3 in Hexes
  5556 | D:5      | Reached skill level 2 in Armour
  5557 | D:5      | Reached XP level 8. HP: 44/44 MP: 9/14
  5729 | D:5      | Found a white marble altar of Elyvilon.
  5767 | D:5      | Learned a level 4 spell: Fulminant Prism
  6019 | D:5      | Found a staircase to the Ecumenical Temple.
  6026 | Temple   | Entered the Ecumenical Temple
  6026 | Temple   | Found a transporter.
  6026 | Temple   | Found a transporter.
  6028 | Temple   | Found a transporter.
  6028 | Temple   | Found a transporter.
  6039 | Temple   | Became a worshipper of Vehumet
  6169 | D:5      | Reached skill level 4 in Spellcasting
  6212 | D:5      | Reached skill level 3 in Armour
  6258 | D:5      | Reached skill level 3 in Fighting
  6264 | D:5      | Reached skill level 4 in Dodging
  6480 | D:5      | Found a shimmering altar of Xom.
  6627 | D:5      | Found a shimmering altar of Xom.
  6764 | D:5      | Found a white marble altar of Elyvilon.
  6909 | D:5      | Found an opulent altar of Gozag.
  7169 | D:5      | Found a staircase to the Ecumenical Temple.
  7832 | D:6      | Reached XP level 9. HP: 41/52 MP: 11/16
  8077 | D:6      | Noticed Pikel
  8111 | D:6      | Killed Pikel
  8112 | D:6      | Reached skill level 4 in Fighting
  8112 | D:6      | Reached skill level 5 in Dodging
  8112 | D:6      | Reached skill level 5 in Spellcasting
  8112 | D:6      | Reached skill level 8 in Conjurations
  8112 | D:6      | Reached skill level 4 in Hexes
  8751 | D:7      | Learned a level 2 spell: Blink
  8756 | D:7      | Learned a level 4 spell: Iskenderun's Mystic Blast
  8964 | D:7      | Reached skill level 1 in Translocations
  8986 | D:7      | Reached * piety under Vehumet
  8986 | D:7      | Offered knowledge of Foxfire by Vehumet.
  9270 | D:7      | Noticed Menkaure
  9279 | D:7      | Killed Menkaure
  9280 | D:7      | Reached skill level 5 in Fighting
  9280 | D:7      | Reached skill level 9 in Conjurations
 10267 | D:8      | Reached skill level 2 in Translocations
 10737 | D:8      | Reached XP level 10. HP: 59/59 MP: 12/18
 10748 | D:8      | Reached skill level 5 in Hexes
 11213 | D:8      | Reached skill level 3 in Stealth
 11213 | D:8      | Reached skill level 10 in Conjurations
 11454 | D:8      | Found Kurocik's Book Shoppe.
 11460 | D:8      | Bought a book of Minor Magic for 234 gold pieces
 11464 | D:8      | Learned a level 3 spell: Mephitic Cloud
 11846 | D:8      | Reached skill level 3 in Translocations
 12239 | D:9      | Reached skill level 4 in Stealth
 12346 | D:9      | Offered knowledge of Scorch by Vehumet.
 12492 | D:9      | Found a stormy altar of Qazlal.
 12504 | D:9      | Found a staircase to the Lair.
 12527 | D:9      | Reached ** piety under Vehumet
 12876 | D:9      | Killed an unseen horror
 13188 | D:9      | Reached skill level 5 in Stealth
 13188 | D:9      | Reached skill level 11 in Conjurations
 13188 | D:9      | Reached skill level 4 in Translocations
 13340 | D:9      | Killed an unseen horror
 13341 | D:9      | Reached skill level 1 in Air Magic
 13841 | D:10     | Entered Level 10 of the Dungeon
 13866 | D:10     | Found a portal to a secret trove of treasure.
 13897 | D:10     | Reached skill level 2 in Air Magic
 13897 | D:10     | Reached skill level 1 in Earth Magic
 14175 | D:10     | Identified the +2 mace of Ybbotobo {vorpal, Dex+10}
 14336 | D:10     | Found a staircase to the Orcish Mines.
 14360 | D:10     | Reached skill level 3 in Air Magic
 14360 | D:10     | Reached XP level 11. HP: 37/63 MP: 6/19
 14609 | D:10     | Offered knowledge of Frozen Ramparts by Vehumet.
 14610 | D:10     | Reached skill level 2 in Earth Magic
 14776 | D:10     | Found a broken altar of Ashenzari.
 15106 | D:10     | Reached skill level 4 in Air Magic
 15255 | D:10     | Reached skill level 6 in Dodging
 15613 | D:10     | Found a sacrificial altar of Ru.
 15702 | D:10     | Reached skill level 12 in Conjurations
 15705 | D:10     | Reached *** piety under Vehumet
 16045 | D:10     | Reached skill level 5 in Air Magic
 16170 | D:10     | Reached skill level 3 in Earth Magic
 16293 | D:10     | Noticed a skeletal warrior
 16299 | D:10     | Reached skill level 7 in Dodging
 16314 | D:10     | Killed a skeletal warrior
 16431 | D:10     | Found a faded altar of an unknown god.
 16432 | D:10     | Found a hazy altar of Hepliaklqana.
 16996 | D:10     | Identified the +4 cloak of the Trees {rF+ Str+4 Dex-2}
 17138 | D:11     | You are sucked into a shaft and drop 2 floors!
 17966 | D:11     | Reached skill level 4 in Earth Magic
 18092 | D:11     | Offered knowledge of Flame Wave by Vehumet.
 18102 | D:11     | Reached skill level 1 in Poison Magic
 18537 | D:12     | Noticed a brown ugly thing
 18602 | Lair:1   | Entered Level 1 of the Lair of Beasts
 18610 | Lair:1   | Reached skill level 8 in Dodging
 18872 | Lair:1   | Reached skill level 2 in Poison Magic
 19434 | D:9      | Reached skill level 3 in Poison Magic
 19434 | D:9      | Reached XP level 12. HP: 68/68 MP: 12/21
 19919 | Lair:1   | Found a runed translucent door.
 20773 | Lair:1   | Reached skill level 6 in Spellcasting
 21051 | Lair:1   | Identified the +3 whip "Backscratcher" {vamp, Str+5}
 21053 | Lair:1   | Found a runed translucent gate.
 21053 | Lair:1   | Found a runed translucent gate.
 21053 | Lair:1   | Found a runed translucent gate.
 21053 | Lair:1   | Found a runed translucent gate.
 21053 | Lair:1   | Found a runed translucent gate.
 21053 | Lair:1   | Found a runed translucent gate.
 21053 | Lair:1   | Noticed a boulder beetle
 21053 | Lair:1   | Noticed a boulder beetle
 21054 | Lair:1   | Noticed a boulder beetle
 21210 | Lair:1   | Reached skill level 9 in Dodging
 21270 | Lair:2   | Noticed a boulder beetle
 21338 | Lair:2   | Noticed Prince Ribbit
 21518 | Lair:1   | Reached skill level 4 in Poison Magic
 22053 | Lair:2   | Killed a boulder beetle
 22140 | Lair:2   | Reached **** piety under Vehumet
 22173 | Lair:1   | Killed Prince Ribbit
 22533 | Lair:2   | Found a staircase to the Snake Pit.
 22652 | Lair:2   | Reached skill level 5 in Poison Magic
 22867 | Lair:2   | Reached skill level 7 in Spellcasting
 23314 | Lair:2   | Reached skill level 10 in Dodging
 23531 | Lair:2   | Reached skill level 8 in Spellcasting
 23613 | Lair:2   | Found the +8 whip "Snakebite" {venom, curare, rPois}
 24045 | Lair:3   | Offered knowledge of Lee's Rapid Deconstruction by Vehumet.
 24303 | Lair:3   | Identified a +2 robe of resistance
 24403 | Lair:3   | Reached skill level 4 in Armour
 24593 | Lair:3   | Reached XP level 13. HP: 74/74 MP: 13/26
 24904 | Lair:3   | Found a staircase to the Shoals.
 24977 | Lair:3   | Reached skill level 6 in Fighting
 25636 | Lair:4   | Reached skill level 13 in Conjurations
 25642 | Lair:4   | Reached skill level 11 in Dodging
 25986 | Lair:4   | Found a runed translucent gate.
 25987 | Lair:4   | Found a runed translucent gate.
 25987 | Lair:4   | Noticed Fifowuza's ghost (journeyman DrTm)
 26005 | Lair:4   | Found a runed translucent gate.
 26005 | Lair:4   | Noticed Odimp's ghost (journeyman KoWn)
 26005 | Lair:4   | Noticed Ceyroiss's ghost (journeyman HuWn)
 26840 | Lair:4   | Reached skill level 14 in Conjurations
 27313 | Lair:4   | Reached skill level 12 in Dodging
 27322 | Lair:4   | Reached ***** piety under Vehumet
 27325 | Lair:4   | Offered knowledge of Lightning Bolt by Vehumet.
 27521 | Lair:4   | Reached skill level 15 in Conjurations
 28002 | Lair:4   | Noticed Nubia's ghost (journeyman GnEn)
 28548 | Lair:5   | Entered Level 5 of the Lair of Beasts
 28585 | Lair:5   | Found a staircase to the Slime Pits.
 29277 | Lair:5   | Reached XP level 14. HP: 67/80 MP: 27/27
 29460 | Lair:5   | Offered knowledge of Eringya's Noxious Bog by Vehumet.
 29991 | Lair:5   | Noticed Ribudoz's ghost (journeyman GnFi)
 29993 | Lair:5   | Found a transporter.
 29998 | Lair:5   | Found a transporter.
 30507 | Lair:5   | Noticed Snorg
 30720 | Lair:5   | Killed Snorg
 30721 | Lair:5   | Reached skill level 6 in Hexes
 30725 | Lair:5   | Reached skill level 9 in Spellcasting
 31249 | Lair:5   | Reached skill level 16 in Conjurations
 31877 | Lair:5   | Reached skill level 13 in Dodging
 32525 | Snake:1  | Entered Level 1 of the Snake Pit
 32899 | Snake:1  | Found Jewyop's Antique Weapon Boutique.
 33021 | Snake:1  | Found Asisch's Armour Shoppe.
 33038 | Snake:1  | HP: 5/80 [shock serpent/bolt of electricity (10)]
 33077 | Snake:1  | HP: 8/80 [poisoned by a black mamba]
 33606 | Snake:1  | Found Nuutae Naca's Antique Armour Emporium.
 33650 | Snake:1  | HP: 6/80 [shock serpent/bolt of electricity (19)]
 33654 | Snake:1  | Killed from afar by a shock serpent

Vanquished Creatures
  Snorg (Lair:5)
  A boulder beetle (Lair:2)
  4 catoblepae
  5 death yaks (Lair:5)
  3 anacondas (Snake:1)
  A shock serpent (Snake:1)
  A skeletal warrior (D:10)
  A naga ritualist (Snake:1)
  Pikel (D:6)
  2 manticores (Lair:5)
  A salamander (Snake:1)
  9 black mambas
  19 elephants
  5 naga magi
  A gargoyle (D:10)
  8 cane toads
  3 unseen horrors
  8 komodo dragons
  3 rime drakes
  5 trolls
  2 hornets
  Prince Ribbit (Lair:1)
  18 dream sheep
  19 blink frogs
  A jumping spider (Lair:1)
  5 shadows
  A wyvern (Lair:2)
  A vampire (D:11)
  53 yaks
  7 basilisks
  A redback (Lair:1)
  9 vampire mosquitoes
  2 steam dragons
  Menkaure (D:7)
  6 nagas
  12 water moccasins
  4 orc warriors
  Pargi (Sewer)
  2 black bears
  A sky beast (D:6)
  An ice beast (D:7)
  16 wolves
  3 ogres
  2 phantoms (D:5)
  7 centaurs
  2 lemures (D:6)
  19 kobold brigands
  12 bullfrogs
  4 scorpions
  A necrophage (D:6)
  8 killer bees
  4 howler monkeys
  4 electric eels
  11 hounds
  14 jellies
  7 orc priests
  5 iguanas
  8 orc wizards
  3 gnolls (D:5)
  A river rat (D:3)
  8 adders
  4 white imps
  A worm (D:4)
  4 dart slugs
  32 orcs
  7 endoplasms
  7 giant cockroaches
  6 goblins
  9 hobgoblins
  2 jackals (D:1)
  4 quokkas
  11 ball pythons
  5 bats
  5 frilled lizards
  25 kobolds
  8 rats
  4 fulminant prisms
503 creatures vanquished.

Vanquished Creatures (others)
  A bush (Lair:4)
  225 fulminant prisms
  50 fungi
  136 plants
412 creatures vanquished.

Grand Total: 915 creatures vanquished

Table legend: (Time is in decaauts)
 A = Elapsed time spent in this place.
 B = Non-inter-level travel time spent in this place.
 C = Inter-level travel time spent in this place.
 D = Time resting spent in this place.
 E = Time spent auto-exploring this place.
 F = Levels seen in this place.
 G = Mean time per level.
                   A        B        C        D        E       F      G
               +--------+--------+--------+--------+--------+-----+--------+
         Total |  32344 |  31131 |   1213 |   7651 |  18724 |  21 | 1540.2 |
       Dungeon |  18147 |  17483 |    664 |   3248 |  11761 |  13 | 1395.9 |
        Temple |     62 |     56 |      6 |     24 |      1 |   1 |   62.0 |
          Lair |  12966 |  12433 |    533 |   4006 |   6457 |   5 | 2593.2 |
     Snake Pit |    467 |    459 |      8 |      6 |    269 |   1 |  467.0 |
         Sewer |    701 |    701 |      0 |    367 |    234 |   1 |  701.0 |
               +--------+--------+--------+--------+--------+-----+--------+

Top non-repeatable levels by time:
     D:9: 3277 daAuts
  Lair:5: 2942 daAuts
  Lair:4: 2590 daAuts
    D:10: 2494 daAuts
  Lair:3: 2488 daAuts
  Lair:1: 2479 daAuts
  Lair:2: 2465 daAuts
     D:5: 2331 daAuts
     D:7: 1852 daAuts
     D:8: 1582 daAuts
     D:1: 1237 daAuts
     D:6: 1231 daAuts
    D:11: 1095 daAuts
     D:4: 1032 daAuts
     D:3: 926 daAuts

Table legend:
 A = Non-vault XP
 B = Vault XP
 C = Vault XP percentage of total XP
 D = Non-vault monster count
 E = Vault monster count
 F = Vault count percentage of total count
                 A         B        C        D         E       F
            +---------+---------+-------+---------+---------+-------
      Total |   60036 |   22188 |  27.0 |     366 |     131 |  26.4
            +---------+---------+-------+---------+---------+-------
        D:1 |      36 |       2 |   5.3 |      20 |       2 |   9.1
        D:2 |      22 |       0 |   0.0 |      16 |       0 |   0.0
        D:3 |      69 |      20 |  22.5 |      15 |       4 |  21.1
        D:4 |     382 |       0 |   0.0 |      23 |       0 |   0.0
        D:5 |     796 |     403 |  33.6 |      23 |       7 |  23.3
        D:6 |     705 |     686 |  49.3 |      14 |       2 |  12.5
        D:7 |     839 |     169 |  16.8 |      16 |       1 |   5.9
        D:8 |    1644 |       0 |   0.0 |      22 |       0 |   0.0
        D:9 |    3591 |     682 |  16.0 |      24 |       7 |  22.6
       D:10 |    3089 |    3177 |  50.7 |      19 |      38 |  66.7
       D:11 |    1197 |       0 |   0.0 |       5 |       0 |   0.0
     Lair:1 |    3505 |    1234 |  26.0 |      18 |       5 |  21.7
     Lair:2 |    2585 |    3611 |  58.3 |      10 |      13 |  56.5
     Lair:3 |    7271 |     330 |   4.3 |      27 |       3 |  10.0
     Lair:4 |   16356 |       0 |   0.0 |      60 |       0 |   0.0
     Lair:5 |    9226 |   11717 |  55.9 |      35 |      39 |  52.7
    Snake:1 |    8723 |       0 |   0.0 |      19 |       0 |   0.0
      Sewer |       0 |     157 | 100.0 |       0 |      10 | 100.0
            +---------+---------+-------+---------+---------+-------
